cohdb
Replays
Latest Replays
All Replays
Popular Replays
Top Player Replays
Match Explorer
How It Works
Community
CoH3 Stats
Reddit
Sign in to upload your games and track your stats! →
Sign in with Steam
Match 43562761
Unlisted
Match 43562761
Overview
Messages
Build Orders
End
Royal Engineer Section
Construct Section Command Post
Infantry Section
Infantry Section
Dingo Light Scout Car
Vickers Machine Gun Team
Construct Platoon Command Post
6-pounder Anti-tank Gun Team
Infantry Training
Unlock Bishop Self-propelled Artillery
Bishop Self-propelled Artillery
Grenade Package
Selects Air and Sea Battlegroup
Selects Supply Surplus
Selects Commando Section Paradrop
Selects Commando Support Section Paradrop
Construct Resource Cache
Bishop Self-propelled Artillery
Light Vehicle Training
Eilte
xqzmy00
Dominik
beniu
0
0
Comments
sign in to comment!
No comments posted yet!